 Dungeon Crawl Stone Soup version 0.22.1-2-g9c5b331383 (webtiles) character file.

3058 McIrco the Blocker (level 9, -7/43 HPs)
             Began as a Vine Stalker Fighter on Jan 5, 2019.
             Was a Believer of Okawaru.
             Killed from afar by an electric eel (12 damage)
             ... with a bolt of electricity
             ... on level 8 of the Dungeon.
             The game lasted 00:14:22 (6135 turns).

McIrco the Blocker (Vine Stalker Fighter)           Turns: 6135, Time: 00:14:23

Health: -7/43      AC: 15    Str: 18 (19) XL:     9   Next: 87%
Magic:  0/10       EV:  5    Int:  7 (8)  God:    Okawaru [**....]
Gold:   357        SH: 12    Dex: 16 (17) Spells: 8/8 levels left

rFire    . . .     SeeInvis .   w - +0 flail (protect)
rCold    . . .     Gourm    .   c - +0 shield
rNeg     . . .     Faith    .   l - +0 plate armour
rPois    .         Spirit   +   u - +0 helmet
rElec    .         Reflect  .   (no cloak)
rCorr    .         Harm     .   B - +0 pair of gloves
MR       +....                  (no boots)
Stlth    ..........             (no amulet)
HPRegen  0.54/turn              k - ring of stealth
MPRegen  0.12/turn              (no ring)

@: lethally poisoned (-7 -> -7)
A: fangs 3, regeneration 1, magic shield, antimagic bite, no potion heal 3, rot
immunity
a: Heroism, Renounce Religion


You were on level 8 of the Dungeon.
You worshipped Okawaru.
Okawaru was pleased with you.
You were not hungry.

You visited 2 branches of the dungeon, and saw 9 of its levels.

You collected 357 gold pieces.

Inventory:

Hand Weapons
 w - a +0 flail of protection (weapon)
 A - a +0 scimitar of holy wrath
Armour
 c - a +0 shield (worn)
 l - a +0 plate armour (worn)
 u - a +0 helmet (worn)
 B - a +0 pair of gloves (worn)
Jewellery
 k - a ring of stealth (left hand)
Wands
 b - a wand of flame (27)
Scrolls
 e - 3 scrolls of teleportation
 h - a scroll of blinking {unknown}
 j - 8 scrolls of remove curse
 m - 2 scrolls of noise {unknown}
 n - a scroll of magic mapping {unknown}
 o - a scroll of amnesia {unknown}
 p - 3 scrolls of identify {unknown}
 q - 3 scrolls of enchant weapon {unknown}
 r - a scroll of vulnerability {unknown}
 s - 2 scrolls of enchant armour {unknown}
 y - 2 scrolls of fog {unknown}
Potions
 g - 2 potions of curing
 i - 2 potions of flight
 z - a potion of agility
Comestibles
 a - 2 chunks of flesh
 f - 10 rations


   Skills:
 - Level 2.7 Fighting
 - Level 1.7 Long Blades
 + Level 6.8 Armour
 + Level 10.5 Shields


You had 8 spell levels left.
You didn't know any spells.
Your spell library contained the following spells:

 Spells                   Type           Power        Failure   Level  Hunger
 Magic Dart               Conj           #...         100%        1    ##.....
 Blink                    Tloc           N/A          100%        2    ###....
 Call Imp                 Summ           #.......     100%        2    ###....
 Slow                     Hex            #.......     100%        2    ###....
 Conjure Flame            Conj/Fire      #.......     100%        3    ####...
 Mephitic Cloud           Conj/Pois/Air  #.......     100%        3    ####...


Dungeon Overview and Level Annotations

Branches:
Dungeon (8/15)             Temple (1/1) D:5
   Lair: D:8-11

Altars:
Ashenzari
Dithmenos
Elyvilon
Kikubaaqudgha
Okawaru
Ru
Sif Muna
Uskayaw
Vehumet
Wu Jian
Xom
Yredelemnul


Innate Abilities, Weirdness & Mutations

You have razor-sharp teeth.
Your natural rate of healing is unusually fast.
When hurt, damage is shared between your health and your magic reserves.
Your bite disrupts and absorbs the magic of your enemies.
Potions cannot restore your health.
You are immune to rotting.


Message History

No reachable target in view!
You feel sick.
You feel sick.
An orc comes into view. It is wielding a short sword.
The orc shouts!
You hear a shout!
An electric eel comes into view.
The electric eel shoots out a bolt of lightning at you!
The bolt of electricity hits the electric eel.
The electric eel completely resists.
The bolt of electricity hits you!
The electric eel shoots out a bolt of lightning at you!
The bolt of electricity hits you!
* * * LOW HITPOINT WARNING * * *
The bolt of electricity hits you!
* * * LOW HITPOINT WARNING * * *
You see here 17 gold pieces.
You feel sick.
An orc priest comes into view. It is wielding a club.
The electric eel shoots out a bolt of lightning at you!
The bolt of electricity hits you!
You die...

.≈≈≈o ≈≈#≈.. # ≈≈≈..
### ≈#≈≈≈. ##..
;≈≈#≈o### #...
#≈≈≈≈...# #...
≈≈#;≈≈?.# #. ###...
≈≈≈≈#≈.@# #.. #.....
≈#≈≈≈≈.$# #.# ##....
≈≈≈.....# #.####..###
........# #.##......#
.##.....# #.##.......
#.....######..........
#.................####
+.................##..
#.....................


You could see 2 electric eels, an orc priest and an orc.

Vanquished Creatures
  2 hippogriffs (D:8)
  Sigmund (D:2)
  2 ice beasts
  A sky beast (D:5)
  2 orc warriors
  5 ogres
  2 phantoms
  A bullfrog (D:6)
  6 scorpions
  A bullfrog zombie (D:6)
  A crimson imp (D:5)
  A centaur zombie (D:6)
  2 hounds
  7 orc wizards (D:8)
  A centaur skeleton (D:6)
  3 bullfrog skeletons
  3 jellies
  Jessica (D:2)
  An iguana (D:6)
  10 worker ants
  A hound skeleton (D:4)
  7 gnolls (D:4)
  7 adders
  An ooze (D:6)
  4 worms
  4 leopard geckos
  10 orcs
  2 ball pythons
  10 giant cockroaches
  7 goblins
  5 hobgoblins
  13 jackals
  4 kobolds
  5 quokkas
  A ball python skeleton (D:4)
  5 bats
  5 frilled lizards
  A leopard gecko zombie (D:7)
  2 quokka skeletons
  6 rats
153 creatures vanquished.

Vanquished Creatures (others)
  An orc wizard (D:8)
1 creature vanquished.

Grand Total: 154 creatures vanquished

Notes
Turn   | Place    | Note
-------+----------+-------------------------------------------
     0 | D:1      | McIrco the Vine Stalker Fighter began the quest for the
                  | Orb.
     0 | D:1      | Reached XP level 1. HP: 11/11 MP: 2/2
    80 | D:1      | Reached skill level 3 in Shields
   213 | D:1      | Reached XP level 2. HP: 16/16 MP: 3/3
   596 | D:2      | Reached skill level 4 in Shields
   596 | D:2      | Reached XP level 3. HP: 15/19 MP: 4/4
   814 | D:2      | Gained mutation: Your natural rate of healing is unusually
                  | fast. [Vine Stalker growth]
   814 | D:2      | Reached XP level 4. HP: 14/23 MP: 5/5
   840 | D:2      | Noticed Jessica
   855 | D:2      | Killed Jessica
   894 | D:2      | Found a deep blue altar of Sif Muna.
   917 | D:2      | Noticed Sigmund
   942 | D:2      | Killed Sigmund
   942 | D:2      | Reached skill level 6 in Shields
   942 | D:2      | Reached XP level 5. HP: 17/27 MP: 3/6
   942 | D:2      | Reached XP level 6. HP: 20/32 MP: 3/7
  2274 | D:4      | Noticed a phantom
  2299 | D:4      | Killed a phantom
  2434 | D:4      | HP: 1/32 [ogre/giant club (5)]
  2436 | D:4      | Reached skill level 7 in Shields
  2436 | D:4      | Reached XP level 7. HP: 2/35 MP: 3/8
  2938 | D:4      | Gained mutation: You have razor-sharp teeth. [Vine Stalker
                  | growth]
  2938 | D:4      | Reached XP level 8. HP: 39/39 MP: 9/9
  3269 | D:5      | Entered Level 5 of the Dungeon
  3291 | D:5      | Reached skill level 8 in Shields
  3307 | D:5      | Found a staircase to the Ecumenical Temple.
  3321 | Temple   | Entered the Ecumenical Temple
  3374 | Temple   | Became a worshipper of Warmaster Okawaru
  3465 | D:5      | Found a radiant altar of Vehumet.
  3539 | D:5      | Found a hide-covered altar of Uskayaw.
  3545 | D:5      | Found a shadowy altar of Dithmenos.
  4012 | D:5      | Reached * piety under Okawaru
  4012 | D:5      | Reached skill level 5 in Armour
  4060 | D:5      | Found a shimmering altar of Xom.
  4155 | D:5      | Found a white marble altar of Elyvilon.
  4165 | D:5      | Found a sacrificial altar of Ru.
  4168 | D:5      | Found an ornate altar of the Wu Jian Council.
  4171 | D:5      | Found a basalt altar of Yredelemnul.
  4473 | D:6      | Reached skill level 9 in Shields
  4639 | D:6      | Found an iron altar of Okawaru.
  4643 | D:6      | Reached XP level 9. HP: 41/43 MP: 10/10
  5448 | D:7      | HP: 1/43 [orc warrior/scimitar of holy wrath (15)]
  5884 | D:8      | Reached skill level 10 in Shields
  5936 | D:8      | Reached ** piety under Okawaru
  6135 | D:8      | Killed from afar by an electric eel

Skill      XL: |  1  2  3  4  5  6  7  8  9 |
---------------+----------------------------+-----
Shields        | 3 4 6 7 9 10 | 10.5
Armour         | 3 5 6 |  6.8
Fighting       | |  2.7
Long Blades    | |  1.7

Action                   |  1- 3 |  4- 6 |  7- 9 || total
-------------------------+-------+-------+-------++-------
Melee: Long sword        |    55 |   146 |    32 ||   233
       Bite              |    19 |    48 |   154 ||   221
       Flail             |       |       |   410 ||   410
Invok: Heroism           |       |       |     1 ||     1
  Use: Scroll            |       |     1 |     1 ||     2
       Potion            |       |       |     9 ||     9
  Eat: Chunk             |       |     5 |    10 ||    15
       Ration            |       |       |     1 ||     1
Armor: Scale mail        |    15 |    22 |       ||    37
       Plate armour      |       |    10 |   393 ||   403
       Ring mail         |       |     6 |       ||     6
Dodge: Dodged            |    21 |    27 |   117 ||   165
Block: Shield            |    22 |    69 |   351 ||   442
       Rpst.: Long sword |     9 |    12 |     1 ||    22
